 Dungeon Crawl Stone Soup version 0.28-a0-10-g964c8b829e (webtiles) character file.

Game seed: 17285797997485092143

106 ipx the Chiller (level 4, 0/24 HPs)
             Began as a Deep Elf Ice Elementalist on July 26, 2021.
             Was an Initiate of Kikubaaqudgha.
             Slain by a water moccasin skeleton (6 damage)
             ... on level 3 of the Dungeon.
             The game lasted 00:13:36 (852 turns).

ipx the Chiller (Deep Elf Ice Elementalist)          Turns: 852, Time: 00:13:37

Health: 0/24       AC:  9    Str:  5    XL:     4   Next: 55%
Magic:  2/12       EV: 12    Int: 21    God:    Kikubaaqudgha [......]
Gold:   140        SH:  0    Dex: 15    Spells: 4/11 levels left

rFire   . . .      SeeInvis .   (no weapon)
rCold   . . .      Faith    .   (no shield)
rNeg    . . .      Spirit   .   a - +0 robe
rPois   .          Reflect  .   (no helmet)
rElec   .          Harm     .   (no cloak)
rCorr   .          Rampage  .   (no gloves)
Will    .....                   (no boots)
Stlth   ++........              (no amulet)
HPRegen 0.08/turn               (no ring)
MPRegen 0.13/turn               (no ring)

@: ice-armoured
A: no striking features
a: Renounce Religion


You were on level 3 of the Dungeon.
You worshipped Kikubaaqudgha.
Kikubaaqudgha was noncommittal.
You visited 1 branch of the dungeon, and saw 4 of its levels.

You collected 140 gold pieces.

Inventory:

Armour
 a - a +0 robe (worn)
Potions
 b - a potion of might {unknown}


   Skills:
 - Level 2.4 Dodging
 - Level 2.4 Stealth
 - Level 4.0 Spellcasting
 + Level 6.2 Ice Magic


You had 4 spell levels left.
You knew the following spells:

 Your Spells              Type           Power      Damage    Failure   Level
o - Ozocubu's Armour      Ice            30%        N/A       2%          3
r - Frozen Ramparts       Ice            60%        1d8       2%          3
z - Freeze                Ice            100%       1d11      1%          1

Your spell library contained the following spells:

 Spells                   Type           Power      Damage    Failure   Level
 Foxfire                  Conj/Fire      16%        2x1d4     12%         1
 Hailstorm                Conj/Ice       17%        3d6       32%         4
 Ice Form                 Ice/Tmut       17%        N/A       32%         4
 Summon Ice Beast         Ice/Summ       17%        N/A       32%         4
 Conjure Flame            Conj/Fire      4%         6-21      34%         3
 Inner Flame              Hex/Fire       4%         N/A       34%         3


Dungeon Overview and Level Annotations

Branches:
Dungeon (4/15)
 Temple: D:4-7

Altars:
Elyvilon
Kikubaaqudgha
Zin
The Shining One

Annotations:
D:3 Robin


Message History

The wall freezes the water moccasin skeleton.
The water moccasin skeleton bites you.
You hit the water moccasin skeleton but do no damage.
The water moccasin skeleton is moderately damaged.
The water moccasin skeleton resists.
The wall freezes the water moccasin skeleton.
The water moccasin skeleton bites you but does no damage.
You barely miss the water moccasin skeleton.
The water moccasin skeleton is moderately damaged.
The water moccasin skeleton completely resists.
The wall freezes the water moccasin skeleton but does no damage.
The water moccasin skeleton bites you.
You barely miss the water moccasin skeleton.
The water moccasin skeleton is moderately damaged.
The frozen ramparts melt away.
The water moccasin skeleton bites you but does no damage.
You hit the water moccasin skeleton.
The water moccasin skeleton is moderately damaged.
The water moccasin skeleton closely misses you.
You hit the water moccasin skeleton but do no damage.
The water moccasin skeleton is moderately damaged.
The water moccasin skeleton bites you. x2
You barely miss the water moccasin skeleton.
The water moccasin skeleton is moderately damaged.
The water moccasin skeleton closely misses you.
You hit the water moccasin skeleton but do no damage.
The water moccasin skeleton is moderately damaged.
The water moccasin skeleton bites you.
You hit the water moccasin skeleton but do no damage.
The water moccasin skeleton is moderately damaged.
The water moccasin skeleton barely misses you.
You hit the water moccasin skeleton but do no damage.
The water moccasin skeleton is moderately damaged.
The water moccasin skeleton bites you.
* * * LOW HITPOINT WARNING * * *
You hit the water moccasin skeleton but do no damage.
The water moccasin skeleton is moderately damaged.
The water moccasin skeleton bites you.
You die...
Kikubaaqudgha rasps: "You have failed me!
Welcome... death!"

######## ###........#.).##
#......# #.....##########
#......# #÷#..##
#......####....# #######
#.........)....# .......
#...≈≈≈§≈§≈...## .(.....
......§≈≈≈≈≈..# .......
....8§§.._≈§§######.......
....§.≈§≈≈≈§....@Z........
....§≈§≈≈§≈...............
...§§........######.......
.............# .......
......#...#..# #######
............##
##....##..### .....####.#
..


You could see a water moccasin skeleton.

Vanquished Creatures
  A hound (D:3)
  An adder (D:2)
  2 worms (D:2)
  A dart slug (D:2)
  4 endoplasms
  A giant cockroach (D:1)
  12 goblins
  2 hobgoblins (D:1)
  10 jackals
  5 quokkas (D:1)
  4 ball pythons
  A bat (D:1)
  5 kobolds
  4 rats
53 creatures vanquished.

Vanquished Creatures (others)
  2 plants (D:2)
2 creatures vanquished.

Grand Total: 55 creatures vanquished

Notes
Turn   | Place    | Note
-------+----------+-------------------------------------------
     0 | D:1      | ipx the Deep Elf Ice Elementalist began the quest for the
                  | Orb.
     0 | D:1      | Reached XP level 1. HP: 10/10 MP: 6/6
    66 | D:1      | Reached XP level 2. HP: 13/15 MP: 1/8
   103 | D:1      | Reached skill level 5 in Ice Magic
   281 | D:3      | Noticed Robin
   317 | D:2      | Reached XP level 3. HP: 14/19 MP: 5/9
   321 | D:2      | Learned a level 3 spell: Ozocubu's Armour
   403 | D:2      | Learned a level 3 spell: Frozen Ramparts
   519 | D:4      | Found a glowing silver altar of Zin.
   526 | D:4      | Found a glowing golden altar of the Shining One.
   527 | D:4      | Found a white marble altar of Elyvilon.
   557 | D:3      | Found an ancient bone altar of Kikubaaqudgha.
   574 | D:3      | Reached skill level 6 in Ice Magic
   574 | D:3      | Reached XP level 4. HP: 16/24 MP: 1/11
   736 | D:3      | Became a worshipper of Kikubaaqudgha
   852 | D:3      | Slain by a water moccasin skeleton

Illustrated notes

Levels and vault maps discovered:
D:1:      lightli_arrival_noodles, layout_basic
D:2:      layout_rooms, shapermc_ecumenical_altar_hornbeckon, serial_forest,
          infiniplex_forest_clump_tiny, infiniplex_forest_lined_ring,
          infiniplex_forest_clump_diagonal, infiniplex_forest_lined_3,
          infiniplex_forest_end_double, infiniplex_forest_lined_2,
          infiniplex_forest_side_room, minmay_misc_feat_roman
D:3:      layout_rooms, mainiacjoe_overflow_catwalk,
          mainiacjoe_overflow_boulevard, uniq_robin
D:4:      cheibrodos_thug_alley, layout_loops_corners, good_gods_temple_1,
          kennysheep_little_box, amcnicky_altar_gilded, serial_co_window_serial,
          co_window_of_opportunity_a, co_window_paths_a,
          co_window_of_opportunity_a, co_window_corner_a,
          co_window_of_opportunity_a, co_window_paths_b, co_window_paths_a,
          co_window_paths_a, co_window_corner_a, co_window_corner_b,
          co_window_2corner, co_window_unsneaky_path_a, glass_columns_c,
          glass_columns_b, glass_columns_b, glass_columns_c, glass_columns_a,
          serial_shops, shop, minmay_misc_feat_tiny

Skill      XL: |  1  2  3  4 |
---------------+-------------+-----
Ice Magic      | 5 6 |  6.2
Spellcasting   | 4 |  4.0
Dodging        | |  2.4
Stealth        | |  2.4

Action                   |  1- 3 |  4- 6 || total
-------------------------+-------+-------++-------
Melee: Unarmed           |     4 |    14 ||    18
 Cast: Freeze            |    52 |    10 ||    62
       Frozen Ramparts   |     3 |     4 ||     7
       Ozocubu's Armour  |     2 |     3 ||     5
  Use: Potion            |     3 |       ||     3
Armor: Robe              |     5 |     6 ||    11
Dodge: Dodged            |    19 |    18 ||    37

Table legend: (Time is in decaauts)
 A = Elapsed time spent in this place.
 B = Non-inter-level travel time spent in this place.
 C = Inter-level travel time spent in this place.
 D = Time resting spent in this place.
 E = Time spent auto-exploring this place.
 F = Levels seen in this place.
 G = Mean time per level.
                   A        B        C        D        E       F      G
               +--------+--------+--------+--------+--------+-----+--------+
         Total |    863 |    853 |     10 |      0 |      0 |   4 |  215.8 |
       Dungeon |    863 |    853 |     10 |      0 |      0 |   4 |  215.8 |
               +--------+--------+--------+--------+--------+-----+--------+

Top non-repeatable levels by time:
     D:1: 276 daAuts
     D:3: 266 daAuts
     D:2: 244 daAuts
     D:4: 76 daAuts
